 Dungeon Crawl Stone Soup version 0.30-a0-857-gcaf70739d4 (webtiles) character file.

Game seed: 16852306010785460906

339293 NinjaNoafa the Black Belt (level 21, -4/184 HPs)
             Began as an Octopode Transmuter on Mar 4, 2023.
             Was the Champion of Cheibriados.
             Killed from afar by a tengu reaver (40 damage)
             ... with a bolt of cold
             ... on level 5 of the Vaults on Mar 5, 2023.
             The game lasted 04:20:38 (40655 turns).

NinjaNoafa the Black Belt (Octopode Transmuter)    Turns: 40655, Time: 04:20:39

Health: -4/184     AC: 33    Str: 26    XL:     21   Next: 96%
Magic:  5/36       EV: 40    Int: 49    God:    Cheibriados [******]
Gold:   338        SH: 19    Dex: 42    Spells: 7/42 levels left

rFire   . . .      SeeInvis +      - Unarmed
rCold   . . .      Faith    .    J - +0 kite shield {reflect}
rNeg    + . .      Spirit   .    p - +2 hat {Stlth+}
rPois   ∞          Reflect  +    M - amulet of regeneration
rElec   +          Rampage  .    E - +6 ring of intelligence
rCorr   .          Clarity  +    R - +5 ring of evasion
Will    +....                    d - +6 ring of dexterity
Stlth   +++++++                  r - ring of see invisible
HPRegen 1.30/turn                H - +6 ring of dexterity
MPRegen 0.25/turn                Z - +4 ring of protection
                                 P - +6 ring of intelligence
                                 B - +5 ring of evasion

@: statue-form, wereblooded, corroded, slightly contaminated, studying 2 skills,
very slow
A: slow and powerful, torment resistance 1, boosted hp, almost no armour,
amphibious, 8 rings, camouflage 1, (gelatinous body 1), (nimble swimmer 1),
tentacles, tentacle spike 1, clarity
}: 2/15 runes: decaying, gossamer
a: End Transformation, Renounce Religion, Bend Time, Temporal Distortion,
Slouch, Step From Time


You were on level 5 of the Vaults.
You worshipped Cheibriados.
Cheibriados was exalted by your worship.
You were a living statue of rough stone.
You visited 9 branches of the dungeon, and saw 39 of its levels.

You collected 4608 gold pieces.
You spent 4270 gold pieces at shops.

Inventory:

Missiles
 h - 3 silver javelins
 t - a throwing net
 x - 9 curare-tipped darts
 G - 15 javelins
Armour
 p - a +2 hat of stealth (worn)
 J - a +0 kite shield of reflection (worn)
Jewellery
 d - a +6 ring of dexterity (on tentacle)
 e - a ring of protection from cold
 m - the ring "Etaxept" {Fire Will+ Stlth+}
   (You acquired it on level 4 of the Dungeon)

   [ring of fire]

   It enhances your fire magic.
   rF:        It protects you from fire.
   rC:        It makes you vulnerable to cold.
   Will:      It increases your willpower.
   Stlth:     It makes you more stealthy.
 r - a ring of see invisible (on tentacle)
 w - a ring of protection from fire
 B - a +5 ring of evasion (on tentacle)
 E - a +6 ring of intelligence (left tentacle)
 H - a +6 ring of dexterity (on tentacle)
 M - an amulet of regeneration (around mantle)
 P - a +6 ring of intelligence (on tentacle)
 R - a +5 ring of evasion (right tentacle)
 U - a ring of positive energy
 W - a ring of resist corrosion
 Z - a +4 ring of protection (on tentacle)
Wands
 c - a wand of polymorph (20)
 L - a wand of acid (11)
 O - a wand of roots (32)
 T - a wand of paralysis (57)
 V - a wand of mindburst (28)
Scrolls
 i - 12 scrolls of vulnerability
 l - a scroll of magic mapping
 o - 5 scrolls of fear
 q - 5 scrolls of silence
 y - 2 scrolls of poison
 z - 9 scrolls of blinking
 F - 10 scrolls of immolation
 I - 17 scrolls of teleportation
 K - 6 scrolls of fog
 S - a scroll of summoning
Potions
 b - 6 potions of ambrosia
 f - 5 potions of might
 j - 4 potions of invisibility
 k - 6 potions of flight
 s - 6 potions of cancellation
 u - 4 potions of magic
 v - 8 potions of brilliance
 A - a potion of mutation
 C - 8 potions of heal wounds
 D - 18 potions of curing
 N - 8 potions of attraction
 Q - a potion of berserk rage
 X - 4 potions of lignification
Miscellaneous
 a - a phantom mirror
 g - a box of beasts
 n - a phial of floods
 Y - a lightning rod (4/4)


   Skills:
 + Level 11.7 Fighting
 + Level 11.8 Dodging
 - Level 6.5 Stealth
 - Level 14.0 Shields
 + Level 19.5 Unarmed Combat
 - Level 11.0 Spellcasting
 - Level 5.9 Conjurations
 - Level 8.5 Hexes
 - Level 5.8 Necromancy
 - Level 6.4 Translocations
 - Level 12.0 Transmutations
 - Level 6.0 Ice Magic
 - Level 11.4 Earth Magic
 - Level 4.0 Poison Magic
 - Level 15.0 Invocations
 - Level 6.0 Evocations


You had 7 spell levels left.
You knew the following spells:

 Your Spells              Type           Power      Damage    Failure   Level
a - Irradiate             Conj/Tmut      43%        3d26      1%          5
b - Wereblood             Tmut           98%        N/A       1%          2
c - Statue Form           Tmut/Erth      64%        N/A       1%          6
d - Borgnjor's Vile Clut  Necr/Erth      42%        N/A       1%          5
e - Frozen Ramparts       Ice            100%       1d16      1%          3
f - Blink                 Tloc           100%       N/A       1%          2
g - Yara's Violent Unrav  Hex/Tmut       45%        3d18      1%          5
h - Tukima's Dance        Hex            84%        N/A       1%          3
i - Passage of Golubria   Tloc           74%        N/A       1%          4

Your spell library contained the following spells:

 Spells                   Type           Power      Damage    Failure   Level
 Beastly Appendage        Tmut           100%       N/A       0%          1
 Sandblast                Erth           100%       2d20      0%          1
 Apportation              Tloc           100%       N/A       1%          1
 Freeze                   Ice            100%       1d10      1%          1
 Kiss of Death            Conj/Necr      100%       2d13      1%          1
 Magic Dart               Conj           100%       1d8       1%          1
 Necrotise                Necr           100%       1d9       1%          1
 Summon Small Mammal      Summ           100%       N/A       1%          1
 Cigotuvi's Dreadful Rot  Necr/Pois/Air  100%       N/A       1%          2
 Lesser Beckoning         Tloc           100%       N/A       1%          2
 Momentum Strike          Conj/Tloc      100%       3d10      1%          2
 Passwall                 Tmut/Erth      80%        N/A       1%          2
 Sublimation of Blood     Necr           71%        N/A       1%          2
 Confusing Touch          Hex            84%        N/A       1%          3
 Dazzling Flash           Conj/Hex       100%       N/A       1%          3
 Gell's Gravitas          Tloc           74%        N/A       1%          3
 Hailstorm                Conj/Ice       71%        3d15      1%          3
 Ignite Poison            Fire/Tmut/Pois 68%        N/A       1%          3
 Kindle Blastsparks       Fire/Tloc/Air  94%        2d17      1%          3
 Mephitic Cloud           Conj/Pois/Air  56%        N/A       1%          3
 Ozocubu's Armour         Ice            72%        N/A       1%          3
 Spider Form              Tmut/Pois      81%        N/A       1%          3
 Teleport Other           Tloc           74%        N/A       1%          3
 Anguish                  Hex/Necr       38%        N/A       1%          4
 Animate Dead             Necr           71%        N/A       1%          4
 Dispel Undead            Necr           71%        3d24      1%          4
 Ice Form                 Ice/Tmut       86%        N/A       1%          4
 Iskenderun's Mystic Bla  Conj/Tloc      73%        2d15      1%          4
 Petrify                  Tmut/Erth      96%        N/A       1%          4
 Call Imp                 Summ           26%        N/A       2%          2
 Metabolic Englaciation   Hex/Ice        39%        N/A       2%          5
 Iron Shot                Conj/Erth      42%        9d8       7%          6
 Freezing Cloud           Conj/Ice/Air   30%        6-21      9%          5
 Lightning Bolt           Conj/Air       27%        1d43      13%         5
 Airstrike                Air            13%        2d(2-18)  16%         4
 Summon Lightning Spire   Summ/Air       26%        N/A       16%         4
 Dispersal                Tloc           37%        N/A       17%         6
 Death Channel            Necr           35%        N/A       22%         6
 Enfeeble                 Hex            42%        N/A       38%         7
 Starburst                Conj/Fire      27%        6d9       58%         6
 Ozocubu's Refrigeration  Ice            36%        4d15      75%         7
 Storm Form               Tmut/Air       36%        N/A       75%         7
 Summon Hydra             Summ           13%        N/A       100%        7
 Maxwell's Capacitive Co  Air            13%        ∞         100%        8
 Chain Lightning          Conj/Air       27%        3d36      100%        9
 Fire Storm               Conj/Fire      27%        8d7       100%        9
 Shatter                  Erth           47%        3d36*     100%        9


Dungeon Overview and Level Annotations

Branches:
Dungeon (15/15)            Temple (1/1) D:6            Lair (5/5) D:11
  Swamp (4/4) Lair:2       Spider (4/4) Lair:3        Slime (1/5) Lair:5
    Orc (2/2) D:12            Elf (2/3) Orc:2        Vaults (5/5) D:13
  Crypt (0/3) Vaults:3     Depths (0/4) D:15

Altars:
Ashenzari
Cheibriados
Dithmenos
Elyvilon
Fedhas
Gozag
Hepliaklqana
Kikubaaqudgha
Makhleb
Nemelex Xobeh
Okawaru
Qazlal
Ru
Sif Muna
Trog
Uskayaw
Vehumet
Wu Jian
Xom
Yredelemnul
Zin
The Shining One
Jiyva

Shops:
D:2 [   D:4 (**!   D:11 *   Orc:2 :=!:[   Elf:2 !   Vaults:1 (:((   Vaults:3 :


Innate Abilities, Weirdness & Mutations

You are a living statue of rough stone.
Your actions are slow, but your melee attacks are powerful.
You are resistant to unholy torment.
Your maximum health is greatly increased.
You are immune to poison.
You cannot wear most types of armour.
You are amphibious.
You can wear up to eight rings at the same time.
Your skin changes colour to match your surroundings (Stealth+).
((Your rubbery body absorbs attacks. (AC +1, EV +1)))
((You are camouflaged when in or above water. (Stealth+)))
You have tentacles for arms and can constrict up to eight enemies at once.
One of your tentacles bears a spike.
You possess an exceptional clarity of mind.


Message History

The anaconda looks frightened!
The deep elf sorcerer looks frightened!
The vault guard simulacrum is unaffected.
The vault warden looks frightened!
The ettin looks frightened!
The tengu reaver resists with some effort.
The yaktaur captain looks frightened!
The hell knight resists with some effort.
The ice devil looks frightened!
The sun demon looks frightened!
The vault guard looks frightened!
The lorocyproca resists with almost no effort.
The vault guard looks frightened! x3
The yaktaur captain simulacrum is unaffected.
The vault guard looks frightened! x4; The vault warden looks frightened!
The tengu reaver looks frightened!
The phantasmal warrior is unaffected.
The deep elf high priest looks frightened!
The war gargoyle is unaffected.
The ettin looks frightened!
The phantasmal warrior is unaffected.
The ettin looks frightened!
The orc knight looks frightened!
The ironbound convoker looks frightened!
The orc warrior looks frightened!
The vault guard looks frightened!
The runic seals fade away.
You hear a shout!
You block the war gargoyle's attack.
The ironbound convoker screams, "Help!"
The phantasmal warrior completely misses you.
The vault guard nearly stumbles in trying to escape.
The yaktaur captain tries to recover its lost courage.
The tengu reaver starts to cry.
Okay, then.
Okay, then.
You thrash the war gargoyle!!! You grab the war gargoyle.
You pierce the war gargoyle, but do no damage.
You tentacle-slap the war gargoyle!
You feel a bit better.
You destroy the war gargoyle!
Cheibriados thoroughly appreciates the change of pace.
You howl as the wereblood boils in your veins!
The sea snake changes into a torpor snail!
The deep elf sorcerer cowers, then darts away.
The tengu reaver points at you and mumbles some strange words.
The bolt of cold hits you!!!
You die... .. #....# ## . #.. #..p.##.#.. #..#..C.#D..# #pZppp.c(.#

###o2ppZ[Zp###########
..epCppppp.Qp.........
...oepZppZ.o..........
...1oeeoS.W...W.......
...oop44..C2.)8.......
###oY4$wQ.C###########


coS........ ..C.#....#... ##..#....#..## You could see a vault warden
(empowered, fleeing), 2 tengu reavers, a yaktaur captain (strong, fleeing), a
lorocyproca (summoned, invisible), 7 vault guards, an orc knight (soul bound,
fleeing, misshapen), 3 ettins, a hell knight (fast), an anaconda shaped shifter
(fleeing), a torpor snail shaped shifter, 2 phantasmal warriors, a red devil
(summoned), a yaktaur captain simulacrum, 2 vault guard simulacra and an orc
(strong).

Vanquished Creatures
  Margery (Vaults:4)
  Jorgrun (D:12)
  A lich (Vaults:4)
  Rupert (D:14)
  An ancient champion (Vaults:3)
  Agnes (D:15)
  3 acid blobs
  A sphinx (Vaults:1)
  Donald (Vaults:3)
  4 thorn hunters
  A tengu reaver (Vaults:4)
  2 storm dragons
  Roxanne (Elf:1)
  An azure jelly (Spider:2)
  4 emperor scorpions
  A deep elf sorcerer (Elf:1)
  The ghost of Pokonic1 the Bludgeoner, a journeyman TrBe of Trog (Orc:1)
  12 vault wardens
  Louise (Elf:2)
  6 ghost moths
  2 iron dragons
  An orc warlord (Vaults:3)
  5 ironbound thunderhulks
  4 broodmothers
  A quicksilver ooze (Lair:5)
  2 war gargoyles
  15 ironbound preservers
  A hydra skeleton (Swamp:4)
  5 very ugly things
  3 vampire knights
  Azrael (D:15)
  3 deep elf demonologists
  8 eleionomae
  A spark wasp (Spider:4)
  6 bunyips
  Snorg (Lair:4)
  15 dire elephants
  2 deep elf death magi
  2 deep elf high priests (Elf:1)
  A merfolk javelineer (Orc:1)
  2 ettins
  A crystal guardian (Vaults:3)
  Fannar (D:10)
  2 fire dragons
  A jiangshi (Vaults:3)
  The ghost of KennySheep the Basher, a journeyman AtBe of Trog (Lair:1)
  8 entropy weavers
  8 yaktaur captains
  5 shambling mangroves
  An ice dragon (Elf:1)
  5 great orbs of eyes
  13 hydras
  16 vault guards
  4 ogre magi
  2 peacekeepers
  3 ironbound frosthearts (Vaults:3)
  2 jorogumos
  8 boulder beetles
  12 centaur warriors
  6 radroaches
  4 two-headed ogres
  2 death yaks (Lair:2)
  9 alligators
  3 merfolk avatars (Swamp:1)
  13 dancing weapons
  5 tengu warriors
  A vampire mage (Vaults:3)
  2 orc high priests
  13 deep elf knights
  8 spriggans
  A titan skeleton (Vaults:3)
  3 hell knights (Vaults:4)
  4 pharaoh ants
  Lodul (D:10)
  6 goliath frogs
  7 spriggan druids
  54 deep trolls
  A sun moth (Spider:3)
  11 swamp dragons
  7 orb spiders
  4 bog bodies
  3 spectral hydras (Swamp:4)
  12 deep elf archers
  An orange crystal statue (D:13)
  8 wizards
  7 steelbarb worms
  15 lindwurms
  9 orc knights
  Pikel (D:5)
  17 ironbound convokers
  19 deep elf zephyrmancers
  24 deep elf pyromancers
  4 necromancers
  A harpy (Vaults:1)
  28 ugly things
  10 orc sorcerers
  2 shining eyes (Slime:1)
  19 wolf spiders
  3 oklob plants (Swamp:4)
  A frost giant zombie (Vaults:3)
  A moth of wrath (Spider:2)
  4 manticores
  3 cyclopes
  The ghost of cforsyth the Covert, a novice KoBr of Hepliaklqana (D:7)
  4 will-o-the-wisps
  8 black mambas
  4 elephants (Lair:4)
  12 vault sentinels
  4 demonic crawlers
  2 gargoyles
  2 torpor snails
  16 cane toads
  A storm dragon simulacrum (Vaults:3)
  2 unseen horrors
  A kobold demonologist (D:12)
  Psyche (D:10)
  28 yaktaurs
  A tengu conjurer (D:15)
  6 komodo dragons
  3 rime drakes
  3 freezing wraiths (Swamp:4)
  2 hydra zombies (Swamp:4)
  5 polar bears (Lair:5)
  A bloated husk (Swamp:3)
  A meliai (Spider:4)
  8 trolls
  2 death drake zombies (Swamp:4)
  18 blink frogs
  15 hornets
  19 tarantellas
  10 tyrant leeches
  Grinder (D:5)
  26 slime creatures
  24 jumping spiders
  17 culicivoras
  2 centaur simulacra (D:14)
  An ettin skeleton (Vaults:3)
  4 water elementals
  2 vampires (D:12)
  An air elemental (Elf:2)
  3 shadows
  3 basilisks
  4 wyverns
  56 yaks
  7 fire elementals
  3 steam dragons
  2 wraiths (D:12)
  A basilisk (shapeshifter) (D:15)
  29 redbacks
  16 vampire mosquitoes
  Menkaure (D:5)
  A swamp worm (shapeshifter) (Elf:2)
  4 wargs
  Edmund (D:5)
  15 swamp worms
  3 acid dragons
  10 water moccasins
  2 hydra simulacra (Swamp:4)
  Duvessa (D:7)
  5 swamp drakes
  A hell hound (D:15)
  2 sky beasts
  2 ice beasts
  4 black bears
  18 orc warriors
  14 ogres
  9 wolves
  2 swamp dragon zombies (Swamp:4)
  4 swamp dragon skeletons (Swamp:4)
  10 centaurs
  A lemure (D:5)
  A phantom (D:6)
  2 kobold brigands (D:8)
  17 bullfrogs
  2 gnoll sergeants (D:7)
  A scorpion (D:3)
  3 earth elementals
  16 wights
  Dowan (D:7)
  12 killer bees
  2 howler monkeys (D:9)
  5 electric eels
  5 hounds
  7 jellies
  2 gnoll boudas
  14 orc priests
  A sleepcap (D:5)
  Ijyb (D:3)
  2 iguanas
  34 orc wizards
  18 gnolls
  6 adders
  3 shadow imps (D:5)
  A white imp (D:6)
  An ufetubus (D:4)
  5 dart slugs
  65 orcs
  3 ball pythons
  6 bats
  4 endoplasms (D:1)
  3 giant cockroaches
  18 goblins
  4 hobgoblins
  6 quokkas
  12 kobolds
  A rat (D:2)
  2 briar patches (Swamp:3)
1354 creatures vanquished.

Vanquished Creatures (collateral kills)
  A two-headed ogre (D:15)
  A meliai simulacrum (D:15)
  An ogre (D:15)
  An orc (D:12)
4 creatures vanquished.

Vanquished Creatures (others)
  A stone giant (D:15)
  An alligator (Swamp:2)
  A goliath frog (Swamp:2)
  An ugly thing (Vaults:4)
  2 bloated husks (Swamp:4)
  2 hornets
  A dancing weapon (D:15)
  A spriggan (Swamp:2)
  A redback (Spider:3)
  A hydra simulacrum (Swamp:4)
  A swamp drake (Swamp:4)
  2 orc wizards
  2 orcs
  4 briar patches (Swamp:3)
  A bush (Lair:5)
  12 foxfires
  11 fungi
  104 plants
149 creatures vanquished.

Grand Total: 1507 creatures vanquished

Notes
Turn   | Place    | Note
-------+----------+-------------------------------------------
     0 | D:1      | NinjaNoafa the Octopode Transmuter began the quest for the
                  | Orb.
     0 | D:1      | Reached XP level 1. HP: 13/13 MP: 3/3
    85 | D:1      | Reached XP level 2. HP: 10/18 MP: 5/5
    88 | D:1      | Learned a level 2 spell: Wereblood
   433 | D:1      | Reached XP level 3. HP: 23/23 MP: 2/6
   997 | D:2      | Found Usypaick's Armour Emporium.
  1005 | D:2      | Bought a +0 buckler for 49 gold pieces
  1329 | D:3      | Noticed Ijyb
  1351 | D:3      | Killed Ijyb
  1352 | D:3      | Reached skill level 1 in Shields
  1352 | D:3      | Reached XP level 4. HP: 28/28 MP: 6/8
  1651 | D:3      | Noticed a scorpion
  1672 | D:3      | Killed a scorpion
  1673 | D:3      | Reached XP level 5. HP: 33/33 MP: 9/9
  2410 | D:4      | Found a shimmering altar of Xom.
  2439 | D:4      | Found Eraod's Antique Weapon Shoppe.
  2467 | D:4      | Found Morineq's Assorted Antiques.
  2626 | D:4      | Found Pifika's Assorted Antiques.
  2660 | D:4      | Reached XP level 6. HP: 27/38 MP: 10/10
  2662 | D:4      | Bought a scroll labelled PORIK NYCEUDU for 22 gold pieces
  2662 | D:4      | Bought a murky emerald potion for 19 gold pieces
  2662 | D:4      | Bought a scroll labelled QEDUOFERCHI for 22 gold pieces
  2662 | D:4      | Bought a scroll labelled YRAOMU ZUCUFEX for 22 gold pieces
  2662 | D:4      | Bought a scroll labelled ZELONKI NETA for 22 gold pieces
  2851 | D:4      | Found a glowing golden altar of the Shining One.
  2977 | D:4      | Found Voith's General Store.
  2980 | D:4      | Found Yradel's Distillery.
  3006 | D:4      | Bought a potion of degeneration for 11 gold pieces
  3278 | D:5      | Entered Level 5 of the Dungeon
  3306 | D:5      | Noticed a black bear
  3317 | D:5      | Killed a black bear
  3318 | D:5      | Reached XP level 7. HP: 43/43 MP: 12/12
  3370 | D:4      | Reached skill level 5 in Transmutations
  3688 | D:5      | Noticed Pikel
  3743 | D:5      | Found a bloodstained altar of Trog.
  3814 | D:5      | Reached skill level 1 in Poison Magic
  3887 | D:6      | Learned a level 3 spell: Spider Form
  3991 | D:6      | Identified the +0 flail of Ipratoed {spect, rPois Str+4}
  4032 | D:7      | Found a broken altar of Ashenzari.
  4060 | D:7      | Found a shimmering blue altar of Sif Muna.
  4162 | D:8      | Reached XP level 8. HP: 16/50 MP: 14/14
  4207 | D:8      | Found a flagged portal.
  4395 | D:6      | Reached skill level 4 in Unarmed Combat
  4527 | D:5      | Noticed Grinder
  4531 | D:5      | Noticed Edmund
  4544 | D:5      | Killed Edmund
  4553 | D:5      | Killed Pikel
  4554 | D:5      | Reached skill level 5 in Unarmed Combat
  4554 | D:5      | Reached XP level 9. HP: 30/59 MP: 15/15
  4570 | D:5      | Killed Grinder
  4571 | D:5      | Reached skill level 5 in Dodging
  4924 | D:5      | Noticed Menkaure
  4931 | D:5      | Killed Menkaure
  4932 | D:5      | Reached skill level 5 in Fighting
  5141 | D:6      | Found a staircase to the Ecumenical Temple.
  5174 | Temple   | Entered the Ecumenical Temple
  5174 | Temple   | Found a transporter.
  5174 | Temple   | Found a transporter.
  5176 | Temple   | Found a transporter.
  5176 | Temple   | Found a transporter.
  5298 | D:6      | Found an ornate altar of the Wu Jian Council.
  5381 | D:6      | Reached skill level 6 in Unarmed Combat
  5388 | D:6      | Noticed a two-headed ogre
  5638 | D:7      | Noticed Dowan
  5643 | D:7      | Noticed Duvessa
  5658 | D:7      | Killed Duvessa
  5666 | D:7      | Killed Dowan
  5767 | D:7      | Found a transporter.
  5773 | D:7      | Found a transporter.
  5773 | D:7      | Identified the +5 trident "Unapium" {pain, Str+3}
  5773 | D:7      | Identified the +0 ring mail of Salvation {Slay+2 SInv}
  5880 | D:7      | Reached skill level 7 in Unarmed Combat
  5880 | D:7      | Found a hazy altar of Hepliaklqana.
  5898 | D:7      | Reached XP level 10. HP: 41/69 MP: 16/16
  5917 | D:7      | Noticed cforsyth's ghost (novice KoBr)
  5974 | D:7      | Identified the amulet "Arabborghi" {RegenMP rElec rC+}
  6619 | D:4      | Bought a black potion for 29 gold pieces
  6668 | D:4      | Bought a potion of might for 40 gold pieces
  6673 | D:4      | Bought a potion of attraction for 33 gold pieces
  6673 | D:4      | Bought a potion of haste for 110 gold pieces
  6673 | D:4      | Bought a potion of curing for 33 gold pieces
  6737 | D:6      | Killed a two-headed ogre
  6777 | D:6      | Found a glowing silver altar of Zin.
  7151 | D:8      | Reached skill level 1 in Ice Magic
  7322 | D:8      | Learned a level 4 spell: Ice Form
  7326 | D:8      | Learned a level 3 spell: Frozen Ramparts
  7408 | D:8      | Noticed a two-headed ogre
  7460 | D:8      | Found a blossoming altar of Fedhas.
  7463 | D:8      | Found an opulent altar of Gozag.
  7465 | D:8      | Found a burning altar of Makhleb.
  8042 | D:10     | Entered Level 10 of the Dungeon
  8131 | D:10     | Reached skill level 5 in Ice Magic
  8228 | D:10     | Noticed Lodul
  8245 | D:10     | Killed Lodul
  8246 | D:10     | Reached XP level 11. HP: 34/75 MP: 5/17
  8247 | D:10     | Reached skill level 8 in Unarmed Combat
  8331 | D:10     | You fall into a shaft and drop 3 floors!
  8361 | D:13     | Noticed a centaur warrior
  8365 | D:13     | Noticed a deep elf pyromancer
  8371 | D:13     | Killed a deep elf pyromancer
  8371 | D:13     | HP: 1/90 [troll (9)]
  8424 | D:13     | Noticed an orange crystal statue
  8479 | D:13     | Noticed a boulder beetle
  8505 | D:13     | Killed a boulder beetle
  8522 | D:12     | Noticed a boulder beetle
  8705 | D:12     | Noticed a cyclops
  8718 | D:12     | Killed a cyclops
  9051 | D:11     | Found a staircase to the Lair.
  9077 | D:11     | Noticed a cyclops
  9082 | D:11     | Noticed a manticore
  9096 | D:11     | Killed a cyclops
  9102 | D:11     | Killed a manticore
  9197 | D:11     | Found Dyqeomm's Assorted Antiques.
  9327 | D:10     | Noticed Fannar
  9341 | D:10     | Killed Fannar
  9342 | D:10     | Reached skill level 9 in Unarmed Combat
  9342 | D:10     | Reached skill level 5 in Spellcasting
  9521 | D:10     | Found a snail-covered altar of Cheibriados.
  9524 | D:10     | Found an iron altar of Okawaru.
  9561 | D:10     | Became a worshipper of Cheibriados the Contemplative
  9653 | D:10     | Noticed Psyche
  9905 | D:8      | Reached XP level 12. HP: 75/80 MP: 10/19
 10016 | D:4      | Bought a wand of flame (14) for 215 gold pieces
 10016 | D:4      | Bought a scroll of teleportation for 66 gold pieces
 10051 | D:4      | Bought 3 scrolls of identify for 198 gold pieces
 10056 | D:4      | Bought 3 scrolls of identify for 198 gold pieces
 10056 | D:4      | Bought a scroll of teleportation for 99 gold pieces
 10057 | D:4      | Identified a scroll of acquirement
 10060 | D:4      | Acquired the ring "Etaxept" {Fire Will+ Stlth+}
 10114 | D:4      | Bought a book of Spatial Translocations for 180 gold pieces
 10291 | D:8      | Learned a level 2 spell: Blink
 10381 | D:8      | Killed a two-headed ogre
 10406 | D:8      | Reached * piety under Cheibriados
 10637 | Lair:1   | Entered Level 1 of the Lair of Beasts
 10870 | Lair:1   | Reached skill level 1 in Earth Magic
 11186 | Lair:1   | Reached ** piety under Cheibriados
 11664 | Lair:1   | Found a runed translucent door.
 11664 | Lair:1   | Noticed KennySheep's ghost (journeyman AtBe)
 12277 | Lair:2   | Reached skill level 5 in Earth Magic
 12324 | Lair:2   | Reached *** piety under Cheibriados
 12467 | Lair:2   | Reached skill level 10 in Transmutations
 12472 | Lair:2   | Found a staircase to the Swamp.
 12474 | Lair:2   | Noticed a death yak
 12478 | Lair:2   | Noticed a death yak
 12485 | Lair:2   | Reached XP level 13. HP: 83/89 MP: 13/20
 12782 | Lair:2   | Learned a level 6 spell: Statue Form
 12943 | Lair:3   | Reached skill level 1 in Invocations
 13487 | Lair:3   | Found a hole to the Spider Nest.
 13556 | Lair:3   | Reached **** piety under Cheibriados
 13557 | Lair:3   | Reached skill level 5 in Shields
 13866 | Lair:4   | Noticed Snorg
 13874 | Lair:4   | Killed Snorg
 14290 | D:11     | Bought an embroidered hat for 210 gold pieces
 14419 | Lair:4   | Reached skill level 5 in Invocations
 14854 | Lair:5   | Entered Level 5 of the Lair of Beasts
 14888 | Lair:5   | Reached ***** piety under Cheibriados
 14890 | Lair:5   | Reached skill level 10 in Unarmed Combat
 14906 | Lair:5   | Reached XP level 14. HP: 95/95 MP: 10/21
 14907 | Lair:5   | Reached skill level 1 in Stealth
 14935 | Lair:5   | Reached skill level 5 in Translocations
 14946 | Lair:5   | Reached skill level 5 in Stealth
 15123 | Lair:5   | Found a viscous altar of Jiyva.
 15124 | Lair:5   | Found a staircase to the Slime Pits.
 15180 | Lair:5   | Reached skill level 11 in Unarmed Combat
 15187 | Lair:5   | Reached ****** piety under Cheibriados
 15557 | Lair:5   | Identified the +11 hand axe of Pain and Death {spect,
                  | Str+3}
 16123 | D:7      | Killed cforsyth's ghost
 16376 | D:10     | Reached skill level 12 in Unarmed Combat
 16481 | D:10     | Killed Psyche
 17233 | D:4      | Bought a phial of floods for 400 gold pieces
 17278 | D:4      | Learned a level 4 spell: Passage of Golubria
 17461 | D:12     | Learned a level 3 spell: Tukima's Dance
 17467 | D:12     | Learned a level 5 spell: Yara's Violent Unravelling
 17470 | D:12     | Found a staircase to the Orcish Mines.
 17503 | Orc:1    | Entered Level 1 of the Orcish Mines
 17551 | Orc:1    | Reached skill level 1 in Hexes
 17783 | Orc:1    | Found a runed translucent gate.
 17783 | Orc:1    | Found a runed translucent gate.
 17783 | Orc:1    | Found a runed translucent gate.
 17950 | Orc:1    | Found an iron altar of Okawaru.
 17950 | Orc:1    | Noticed Pokonic1's ghost (journeyman TrBe)
 17977 | Orc:1    | Killed Pokonic1's ghost
 18005 | Orc:1    | Identified the +7 double sword "Pugointi" {venom, *Noise
                  | rElec Str+4 Stlth+}
 18051 | Orc:2    | Entered Level 2 of the Orcish Mines
 18131 | Orc:2    | Reached XP level 15. HP: 100/100 MP: 20/24
 18154 | Orc:2    | Found Ylofi's Vocational Training.
 18378 | Orc:2    | Found a staircase to the Elven Halls.
 18542 | Orc:2    | Found an ancient bone altar of Kikubaaqudgha.
 18604 | Orc:2    | Found Udahu's Jewellery Boutique.
 18616 | Orc:2    | Found a radiant altar of Vehumet.
 18702 | Orc:2    | Found Ecaorgh's Distillery.
 18711 | Orc:2    | Found Ciogaeme's Book Shop.
 18712 | Orc:2    | Gained mutation: You occasionally lose the ability to drink
                  | potions when taking damage. [you]
 18716 | Orc:2    | Found Icuutumi's Antique Armour Shop.
 18981 | Elf:1    | Entered Level 1 of the Elven Halls
 19002 | Elf:1    | Reached skill level 5 in Hexes
 19075 | Elf:1    | Noticed a Hell Sentinel
 19183 | D:12     | Identified the +1 ring mail of the Insatiable Friends
                  | {Int+4 Dex+4 Stlth-}
 19301 | D:12     | Found a shimmering blue altar of Sif Muna.
 19424 | D:12     | Noticed Jorgrun
 19431 | D:12     | Killed Jorgrun
 19946 | D:13     | Found a gate to the Vaults.
 21035 | D:14     | Noticed Rupert
 21036 | D:14     | Paralysed by Rupert for 5 turns
 21048 | D:14     | Killed Rupert
 21049 | D:14     | Reached skill level 1 in Evocations
 21254 | D:14     | Reached XP level 16. HP: 106/106 MP: 22/29
 21283 | D:14     | Identified the +9 arbalest of the Threshing Lamprey
                  | {freeze, *Corrode rC+++ Str-3 Int+3}
 21409 | D:14     | Noticed a storm dragon
 21433 | D:14     | Killed a storm dragon
 21751 | D:15     | Entered Level 15 of the Dungeon
 21903 | D:15     | Reached skill level 5 in Evocations
 21985 | D:15     | Noticed Agnes
 21990 | D:15     | Killed Agnes
 22055 | D:15     | Noticed Azrael
 22064 | D:15     | Killed Azrael
 22149 | D:15     | Found an iron altar of Okawaru.
 22347 | D:15     | Found a staircase to the Depths.
 22809 | Swamp:1  | Entered Level 1 of the Swamp
 23009 | Swamp:1  | Gained mutation: You are dopey. (Int -2) [you]
 23010 | Swamp:1  | Gained mutation: You are vulnerable to heat. (rF-) [you]
 23016 | Swamp:1  | Reached skill level 10 in Shields
 23793 | Spider:1 | Entered Level 1 of the Spider Nest
 24652 | Orc:2    | Bought a manual of Invocations for 1200 gold pieces
 24862 | Swamp:2  | Reached XP level 17. HP: 111/111 MP: 20/30
 25027 | Swamp:2  | Lost mutation: You are dopey. (Int -2) [potion of mutation]
 25027 | Swamp:2  | Lost mutation: You are vulnerable to heat. (rF-) [potion of
                  | mutation]
 25027 | Swamp:2  | Gained mutation: You have hidden genetic defects. [potion
                  | of mutation]
 25027 | Swamp:2  | Gained mutation: You are resistant to electric shocks.
                  | (rElec) [potion of mutation]
 25028 | Swamp:2  | Lost mutation: You are resistant to electric shocks.
                  | (rElec) [potion of mutation]
 25028 | Swamp:2  | Lost mutation: You occasionally lose the ability to drink
                  | potions when taking damage. [potion of mutation]
 25028 | Swamp:2  | Lost mutation: You have hidden genetic defects. [potion of
                  | mutation]
 25028 | Swamp:2  | Gained mutation: Your mind is acute. (Int +4, Str/Dex -1)
                  | [potion of mutation]
 25028 | Swamp:2  | Gained mutation: You occasionally lose the ability to read
                  | scrolls when taking damage. [potion of mutation]
 25334 | Swamp:3  | Lost mutation: Your mind is acute. (Int +4, Str/Dex -1)
                  | [potion of mutation]
 25334 | Swamp:3  | Lost mutation: You occasionally lose the ability to read
                  | scrolls when taking damage. [potion of mutation]
 25334 | Swamp:3  | Gained mutation: You are partially covered in iridescent
                  | scales. (AC +2) [potion of mutation]
 25334 | Swamp:3  | Gained mutation: One of your tentacles bears a spike.
                  | [potion of mutation]
 25334 | Swamp:3  | Gained mutation: You are strong-willed. (Will+) [potion of
                  | mutation]
 25597 | Swamp:3  | Reached skill level 10 in Invocations
 26499 | Spider:2 | Noticed Arachne
 26507 | Spider:2 | Arachne changed into Arachne the azure jelly
 26507 | Spider:2 | Noticed Arachne
 26511 | Spider:2 | Killed Arachne the azure jelly
 27924 | Spider:3 | Reached skill level 13 in Unarmed Combat
 28725 | Spider:4 | Entered Level 4 of the Spider Nest
 29152 | Spider:4 | Reached XP level 18. HP: 96/119 MP: 19/31
 29607 | Spider:4 | Reached skill level 14 in Unarmed Combat
 29748 | Spider:4 | Got a gossamer rune of Zot
 30199 | Swamp:4  | Entered Level 4 of the Swamp
 30510 | Swamp:4  | Reached skill level 15 in Unarmed Combat
 30655 | Swamp:4  | Found a blossoming altar of Fedhas.
 30741 | Swamp:4  | Found a basalt altar of Yredelemnul.
 30758 | Swamp:4  | Got a decaying rune of Zot
 30796 | Swamp:4  | Reached skill level 16 in Unarmed Combat
 31178 | Vaults:1 | Entered Level 1 of the Vaults
 31178 | Vaults:1 | Found Nunlir's Book Boutique.
 31406 | Vaults:1 | Reached XP level 19. HP: 126/126 MP: 17/32
 31674 | Vaults:1 | Upgraded the game from 0.30-a0-852-g08b95dd62f to
                  | 0.30-a0-857-gcaf70739d4
 31827 | Vaults:1 | Reached skill level 17 in Unarmed Combat
 31970 | Vaults:1 | Found Meofir's Weapon Shop.
 32512 | Vaults:1 | Reached skill level 10 in Spellcasting
 32723 | Vaults:1 | Found Vanled's Weapon Emporium.
 32811 | Vaults:1 | Found Zuisuo's Weapon Boutique.
 33398 | Vaults:2 | Reached skill level 18 in Unarmed Combat
 33757 | Vaults:2 | Reached XP level 20. HP: 132/132 MP: 5/34
 33764 | Vaults:2 | Reached skill level 10 in Earth Magic
 34956 | Vaults:3 | Reached skill level 15 in Invocations
 34998 | Vaults:3 | Reached skill level 10 in Dodging
 35103 | Vaults:3 | Found a staircase to the Crypt.
 35139 | Vaults:3 | Reached skill level 10 in Fighting
 35267 | Vaults:3 | Found Gelubleomu's Book Emporium.
 35274 | Vaults:3 | Bought a book of Unlife for 612 gold pieces
 35282 | Vaults:3 | Learned a level 5 spell: Borgnjor's Vile Clutch
 35821 | Vaults:3 | Learned a level 5 spell: Irradiate
 35894 | Vaults:3 | Noticed Donald
 35901 | Vaults:3 | Killed Donald
 36588 | Vaults:4 | Noticed Margery
 36594 | Vaults:4 | Reached skill level 1 in Conjurations
 36594 | Vaults:4 | Reached skill level 1 in Necromancy
 36596 | Vaults:4 | Killed Margery
 37045 | Vaults:4 | Reached XP level 21. HP: 137/137 MP: 31/36
 37968 | Slime:1  | Entered Level 1 of the Pits of Slime
 37988 | Slime:1  | Gained mutation: You do not regenerate when monsters are
                  | visible. [a shining eye]
 37989 | Slime:1  | Reached skill level 5 in Conjurations
 37994 | Lair:5   | Reached skill level 5 in Necromancy
 37999 | Lair:5   | Lost mutation: You are partially covered in iridescent
                  | scales. (AC +2) [potion of mutation]
 37999 | Lair:5   | Lost mutation: One of your tentacles bears a spike. [potion
                  | of mutation]
 37999 | Lair:5   | Gained mutation: You are dopey. (Int -2) [potion of
                  | mutation]
 37999 | Lair:5   | Lost mutation: You are dopey. (Int -2) [potion of mutation]
 38000 | Lair:5   | Lost mutation: You are strong-willed. (Will+) [potion of
                  | mutation]
 38000 | Lair:5   | Lost mutation: You do not regenerate when monsters are
                  | visible. [potion of mutation]
 38000 | Lair:5   | Gained mutation: One of your tentacles bears a spike.
                  | [potion of mutation]
 38000 | Lair:5   | Gained mutation: You possess an exceptional clarity of
                  | mind. [potion of mutation]
 38264 | Vaults:5 | Entered Level 5 of the Vaults
 39118 | Elf:1    | Reached skill level 19 in Unarmed Combat
 39336 | Elf:1    | Identified Roxanne's Tome of the Mesa
 39336 | Elf:1    | Noticed Roxanne
 39345 | Elf:1    | Killed Roxanne
 39623 | Elf:1    | Found a runed translucent gate.
 39623 | Elf:1    | Found a runed translucent gate.
 39623 | Elf:1    | Found a runed translucent gate.
 39623 | Elf:1    | Found a runed translucent gate.
 39623 | Elf:1    | Found a runed translucent gate.
 39624 | Elf:1    | Found a runed translucent gate.
 39869 | Elf:2    | Noticed Louise
 39876 | Elf:2    | Killed Louise
 40104 | Elf:2    | Found Vekav's Distillery.
 40116 | Elf:2    | Bought a potion of curing for 45 gold pieces
 40116 | Elf:2    | Bought a potion of curing for 45 gold pieces
 40116 | Elf:2    | Bought a potion of cancellation for 120 gold pieces
 40116 | Elf:2    | Bought 2 potions of might for 120 gold pieces
 40116 | Elf:2    | Bought a potion of heal wounds for 75 gold pieces
 40116 | Elf:2    | Bought a potion of heal wounds for 75 gold pieces
 40379 | Lair:1   | Killed KennySheep's ghost
 40648 | Vaults:5 | Noticed a golden dragon
 40655 | Vaults:5 | Killed from afar by a tengu reaver

Illustrated notes

Levels and vault maps discovered:
D:1:      psy_arrival_dodecagon, layout_basic, solitary_fountain
D:2:      layout_rooms, serial_shops, nicolae_shop_hallway_stairs
D:3:      kennysheep_the_goblin_king, layout_basic, minmay_misc_feat_diagonals,
          serial_bayou_crossing
D:4:      layout_loops_ring, mainiacjoe_overflow_catwalk, lemuel_doored_altar,
          serial_shops, nicolae_diamond_shop, nicolae_shop_overgrown_old_shop,
          shop, shop, nicolae_shop_window_shopping, grunt_ministairs_5
D:5:      layout_basic, mainiacjoe_overflow_brackets, uniq_edmund, uniq_ijyb,
          uniq_grinder, uniq_pikel, uniq_menkaure
D:6:      layout_rooms, kennysheep_mini, pdpol_wu_jian_five_deadly_venoms,
          minmay_temple_entry_statues_pillars
D:7:      layout_loops_ring, mainiacjoe_overflow_24_doors,
          mainiacjoe_overflow_small_starburst, ashenzari_altar_1,
          gammafunk_ghost_gnarly_gnolls, uniq_duvessa
D:8:      layout_cave_pools, grunt_temple_overflow_diamond, enter_bailey_4,
          grunt_potential
D:9:      layout_roguey
D:10:     layout_cave_pods, nicolae_overflow_squiral, uniq_lodul, uniq_psyche,
          uniq_fannar
D:11:     layout_gridville, erik_lair_orcish_takeover, serial_shops,
          nicolae_shop_statue_plus
D:12:     layout_irregular_city, david_orc_2, nicolae_sif_muna_condensation,
          uniq_jorgrun
D:13:     layout_cave_pods, david_vaults_1, minivault_16, minivault_23
D:14:     kennysheep_bubble_arena, layout_stronghold, nicolae_twisting_strands,
          uniq_rupert
D:15:     grunt_enter_depths_giant_problem, layout_loops_cross,
          hellmonk_okawaru_the_only_friend_you_need, uniq_agnes, uniq_azrael
Temple:   hellmonk_temple_divided_pantheon
Lair:1:   layout_layer_cave, ebering_ghost_inner_flame,
          chequers_serial_rivers_micro_a, serial_bayou_shore_a,
          grunt_megastairs_4, serial_bayou_shore_b, serial_bayou_shore_b
Lair:2:   layout_cave_pods, skrybe_swamp_entry_bodies
Lair:3:   layout_cave_pods, spider_nest_entry_web_field
Lair:4:   layout_layer_cave, serial_rivers, chequers_serial_rivers_micro_a,
          chequers_serial_rivers_micro_b, chequers_serial_rivers_micro_b,
          chequers_serial_rivers_small_b, chequers_serial_rivers_room_b,
          chequers_serial_rivers_micro_e, dreamdust_mushroom_princess,
          uniq_snorg
Lair:5:   minmay_lair_end_frog_pond, layout_regular_city,
          minmay_slime_entry_pillars, cheibrodos_lair_lostbears
Swamp:1:  layout_falls_marsh, nicolae_swamp_orc_logging_accident, swamp_pool3,
          grunt_lady_of_the_lake
Swamp:2:  layout_basic_swamp, evilmike_swamp_ruin_house_5
Swamp:3:  nicolae_swamp_wrong_neighborhood, layout_falls_marsh,
          nicolae_swamp_some_circles
Swamp:4:  byrel_swamp_growth_death_and_undeath, layout_basic_swamp,
          infiniplex_staircase_pool_2
Spider:1: layout_spider_delve
Spider:2: layout_spider_delve, nicolae_spider_nooks_and_crannies, uniq_arachne
Spider:3: layout_cave_pods
Spider:4: grunt_spider_rune_parallel
Slime:1:  layout_caves
Orc:1:    layout_caves, gammafunk_ghost_fury_of_okawaru
Orc:2:    kennysheep_orc_mage_school, layout_diamond_mine,
          nicolae_shop_vocational
Elf:1:    eino_elf_arrival_customs, layout_loops_cross, minivault_28,
          orc_legates, uniq_roxanne
Elf:2:    elven_hall_of_blades_hangedman_alternative
          [nicolae_blade_entry_splitting_headache], layout_onion_city,
          serial_shops, nicolae_shop_trees, minmay_elf_sorcery, uniq_louise
Vaults:1: ontoclasm_vaults_ring_small, nicolae_vaults_little_squares_5,
          nicolae_vaults_windows_and_doors_thing, grunt_vaults_twisty,
          ontoclasm_vaults_tryst, vaults_room_grunt_arrival_ludios,
          ontoclasm_vaults_twist, v_misc_17, nicolae_vaults_little_squares_5,
          v_misc_24, vaults_dpeg_encased_lava, v_misc_2, vaults_mumra_hexcomb,
          vaults_dpeg_hooks, layout_vaults_omnicross, serial_shops, shop,
          nicolae_shop_bloodbath_and_beyond, nicolae_shop_trees, shop
Vaults:2: v_pattern_2, hangedman_vaults_pinch, nicolae_vaults_triangles,
          ontoclasm_vaults_spin, v_rooms_1, nicolae_vaults_bisected_inception,
          hangedman_vaults_stretched_pinwheel, ontoclasm_vaults_idyll,
          nicolae_vaults_border_crossing, nicolae_vaults_shelves_hall,
          layout_vaults_ring
Vaults:3: minmay_crypt_entry_simple_box, nicolae_vaults_little_ls,
          nicolae_vaults_rhombus_5, ontoclasm_vaults_gateway,
          nicolae_vaults_little_squares_5, grunt_vaults_swirl, v_misc_2,
          nicolae_vaults_rhombus_6, layout_vaults_quadrants, serial_shops,
          nicolae_shop_window_shopping, uniq_donald
Vaults:4: nicolae_vaults_hallways_thing, nicolae_vaults_lopsided_apartments,
          ontoclasm_vaults_pinch, v_pattern_3, vaults_room_fours,
          nicolae_vaults_little_squares_5, vaults_dpeg_ring, v_rooms_6,
          ontoclasm_vaults_ring_small, ontoclasm_vaults_fault,
          hangedman_vaults_slice, nicolae_vaults_network_quinsquares
          [nicolae_vaults_network_quincunx_subvault,
          nicolae_vaults_network_quincunx_subvault,
          nicolae_vaults_network_quincunx_subvault,
          nicolae_vaults_network_quincunx_subvault], layout_vaults_omnibox,
          uniq_margery
Vaults:5

Skill      XL: |  1  2  3  4  5  6  7  8  9 10 11 12 13 14 15 16 17 18 19 20 21 |
---------------+----------------------------------------------------------------+-----
Transmutations | 3 4 5 7 10 11 12 | 12.0
Shields        | 1 2 3 4 7 11 13 14 | 14.0
Spellcasting   | 3 4 5 6 9 10 11 | 11.0
Poison Magic   | 4 |  4.0
Fighting       | 2 4 6 7 8 9 10 11 | 11.7
Dodging        | 4 6 7 8 9 10 11 | 11.8
Unarmed Combat | 5 7 9 10 12 13 16 18 19 | 19.5
Ice Magic      | 5 6 |  6.0
Translocations | 4 5 6 |  6.4
Earth Magic    | 6 7 9 11 | 11.4
Invocations    | 6 12 13 14 15 | 15.0
Stealth        | 6 |  6.5
Hexes          | 2 7 8 |  8.5
Evocations     | 2 6 |  6.0
Conjurations   | 3 5 |  5.9
Necromancy     | 3 5 |  5.8

Action                     |  1- 3 |  4- 6 |  7- 9 | 10-12 | 13-15 | 16-18 | 19-21 || total
---------------------------+-------+-------+-------+-------+-------+-------+-------++-------
  Melee: Unarmed           |    76 |    81 |   275 |   466 |   568 |   825 |   520 ||  2811
         Kick              |    15 |    32 |    15 |     3 |     1 |   273 |   286 ||   625
         Constrict         |    15 |    25 |    10 |     4 |    76 |   143 |    88 ||   361
         Tentacles         |     8 |    18 |     5 |     3 |   114 |   263 |   153 ||   564
         Punch             |     2 |     1 |     2 |     1 |    50 |    91 |    89 ||   236
  Throw: Dart              |       |     3 |       |       |       |       |       ||     3
   Cast: Beastly Appendage |    22 |    15 |     7 |     4 |     1 |       |       ||    49
         Wereblood         |     7 |    10 |    21 |    40 |    42 |    56 |    55 ||   231
         Spider Form       |       |       |    20 |    14 |     3 |       |       ||    37
         Ice Form          |       |       |       |    35 |    10 |       |       ||    45
         Frozen Ramparts   |       |       |       |    38 |    30 |     8 |    19 ||    95
         Blink             |       |       |       |     1 |     6 |    23 |     8 ||    38
         Statue Form       |       |       |       |       |    53 |    91 |    70 ||   214
         Passage of Golubr |       |       |       |       |     6 |    26 |     3 ||    35
         Tukima's Dance    |       |       |       |       |     8 |    13 |     9 ||    30
         Yara's Violent Un |       |       |       |       |     8 |    26 |    50 ||    84
         Borgnjor's Vile C |       |       |       |       |       |       |    42 ||    42
         Irradiate         |       |       |       |       |       |       |    15 ||    15
 Invoke: Slouch            |       |       |       |       |     1 |       |       ||     1
         Temporal Distorti |       |       |       |       |     1 |     2 |       ||     3
Ability: End Transformatio |       |       |       |       |    17 |    70 |    64 ||   151
  Evoke: Wand              |       |     1 |       |    14 |     1 |    12 |     2 ||    30
         Box of beasts     |       |       |       |       |     1 |       |       ||     1
         Lightning rod     |       |       |       |       |       |       |     3 ||     3
    Use: Scroll            |     1 |     2 |    13 |    17 |    12 |     2 |     3 ||    50
         Potion            |     1 |     1 |     9 |     5 |     1 |     3 |     3 ||    23
   Stab: Sleeping          |     6 |     2 |     2 |     2 |     5 |    10 |     1 ||    28
         Distracted        |       |       |       |       |     2 |     2 |     2 ||     6
         Confused          |       |       |       |       |       |     3 |       ||     3
         Paralysed         |       |       |       |       |       |     1 |       ||     1
 Armour: Skin              |    45 |    17 |    21 |    62 |   192 |   500 |   218 ||  1055
  Dodge: Dodged            |    47 |    39 |   348 |   511 |  1214 |  1967 |  1118 ||  5244
  Block: Buckler           |     7 |    24 |    14 |    12 |   606 |   203 |       ||   866
         Kite shield       |       |       |       |       |       |  1374 |   999 ||  2373
         Reflection        |       |       |       |       |       |       |    38 ||    38

Table legend: (Time is in decaauts)
 A = Elapsed time spent in this place.
 B = Non-inter-level travel time spent in this place.
 C = Inter-level travel time spent in this place.
 D = Time resting spent in this place.
 E = Time spent auto-exploring this place.
 F = Levels seen in this place.
 G = Mean time per level.
                   A        B        C        D        E       F      G
               +--------+--------+--------+--------+--------+-----+--------+
         Total |  63061 |  53439 |   9622 |    599 |  36245 |  39 | 1616.9 |
       Dungeon |  21724 |  17542 |   4182 |    473 |  10640 |  15 | 1448.3 |
        Temple |     44 |     32 |     12 |      0 |      5 |   1 |   44.0 |
          Lair |   9130 |   7834 |   1296 |     63 |   5777 |   5 | 1826.0 |
         Swamp |   5964 |   5194 |    770 |     33 |   3362 |   4 | 1491.0 |
   Spider Nest |   7708 |   7172 |    536 |     30 |   5253 |   4 | 1927.0 |
    Slime Pits |     32 |     32 |      0 |      0 |      0 |   1 |   32.0 |
  Orcish Mines |   3398 |   2652 |    746 |      0 |   1771 |   2 | 1699.0 |
   Elven Halls |   3110 |   2706 |    404 |      0 |   1600 |   2 | 1555.0 |
        Vaults |  11946 |  10272 |   1674 |      0 |   7836 |   5 | 2389.2 |
               +--------+--------+--------+--------+--------+-----+--------+

Top non-repeatable levels by time:
Vaults:2: 3300 daAuts
Vaults:1: 3166 daAuts
Vaults:4: 2726 daAuts
Vaults:3: 2712 daAuts
   Elf:1: 2451 daAuts
Spider:3: 2409 daAuts
    D:13: 2313 daAuts
    D:11: 2171 daAuts
  Lair:1: 2113 daAuts
    D:14: 2054 daAuts
    D:12: 2042 daAuts
 Swamp:3: 2021 daAuts
  Lair:5: 2014 daAuts
Spider:4: 2003 daAuts
Spider:2: 1900 daAuts
